 Dungeon Crawl Stone Soup version 0.25-a0-731-g0472a16d6a (webtiles) character file.

Game seed: 1842712621115178802, levelgen mode: deterministic

127 Lovchig the Shield-Bearer (level 4, -1/42 HPs)
             Began as a Deep Dwarf Fighter on Apr 8, 2020.
             Slain by Maggie
             ... wielding a +0 scimitar
              (4 damage)
             ... on level 6 of the Dungeon.
             The game lasted 00:04:56 (1549 turns).

Lovchig the Shield-Bearer (Deep Dwarf Fighter)      Turns: 1549, Time: 00:04:57

Health: -1/42      AC:  8    Str: 20    XL:     4   Next: 85%
Magic:  4/4        EV:  8    Int:  9    God:
Gold:   79         SH:  9    Dex: 12    Spells: 3/3 levels left

rFire    . . .     SeeInvis .   a - +1 war axe
rCold    . . .     Gourm    .   c - +0 kite shield
rNeg     . . .     Faith    .   b - +0 scale mail
rPois    .         Spirit   .   k - +0 helmet
rElec    .         Reflect  .   (no cloak)
rCorr    .         Harm     .   (no gloves)
MR       .....                  (no boots)
Stlth    ..........             (no amulet)
HPRegen  0.00/turn              (no ring)
MPRegen  0.09/turn              (no ring)

@: mighty, mesmerised, non-regenerating
A: damage resistance, heal wounds, sense surroundings 1, no regeneration
a: Heal Wounds


You were on level 6 of the Dungeon.
You were hungry.

You visited 1 branch of the dungeon, and saw 4 of its levels.

You collected 79 gold pieces.

Inventory:

Hand Weapons
 a - a +1 war axe (weapon)
Armour
 b - a +0 scale mail (worn)
 c - a +0 kite shield (worn)
 k - a +0 helmet (worn)
Jewellery
 j - a +2 ring of evasion {unknown}
Scrolls
 i - 2 scrolls of remove curse
 m - a scroll of fog {unknown}
Potions
 e - 4 potions of flight
 g - a potion of stabbing
 h - a potion of degeneration {unknown}
 l - a potion of lignification {unknown}
 n - a potion of mutation {unknown}
Comestibles
 f - 7 rations
 q - 10 chunks of flesh


   Skills:
 * Level 3.0 Fighting
 * Level 4.0 Axes
 * Level 3.8 Armour
 * Level 1.2 Dodging
 * Level 4.0 Shields


You had 3 spell levels left.
You didn't know any spells.
Your spell library was empty.

Dungeon Overview and Level Annotations

Branches:
Dungeon (3/15)

Altars:
Vehumet

Annotations:
D:6 Maggie


Innate Abilities, Weirdness & Mutations

You are resistant to damage.
You can heal yourself by infusing magical energy.
You passively map a small area around you.
You do not regenerate.


Message History

You block Maggie's attack.
You closely miss Maggie.
Maggie is severely wounded.
Maggie hits you with a +0 scimitar.
You hit Maggie.
Maggie is severely wounded.
Maggie mumbles some strange words.
Maggie draws you further into her thrall.
You slash Maggie!
Maggie is almost dead.
Maggie gestures wildly while chanting.
Maggie draws you further into her thrall.
You closely miss Maggie.
Maggie is almost dead.
Maggie gestures at you while chanting. The bolt of fire hits you!!
Ouch! That really hurt!
* * * LOW HITPOINT WARNING * * *
Maggie hits you with a +0 scimitar.
You die...

* * ,, * , ,
**..... *, ** ,
, ..... , * , *
...... *
*...... ,,
#.... * , *
##... * ,. ,
#.@#* , #.
###@#* , ,, , ,
)..###...# , ,
.........## . ,
*
..#......#....
* ,
#............ *
#............ ,
#.............
*
#.............
, *
...............
,


You could see Maggie.

Vanquished Creatures
  4 adders
  An ooze (D:1)
  2 worms
  4 dart slugs
  A leopard gecko (D:1)
  An orc (D:3)
  A ball python (D:3)
  3 giant cockroaches
  8 goblins
  6 hobgoblins
  A quokka (D:2)
  11 bats
  4 frilled lizards
  5 kobolds
  28 rats
80 creatures vanquished.

Notes
Turn   | Place    | Note
-------+----------+-------------------------------------------
     0 | D:1      | Lovchig the Deep Dwarf Fighter began the quest for the Orb.
     0 | D:1      | Reached XP level 1. HP: 20/20 MP: 1/1
    22 | D:1      | Reached XP level 2. HP: 27/27 MP: 2/2
   251 | D:1      | Reached XP level 3. HP: 20/33 MP: 3/3
  1214 | D:2      | Reached XP level 4. HP: 32/40 MP: 4/4
  1229 | D:2      | Reached skill level 1 in Dodging
  1380 | D:3      | Found a radiant altar of Vehumet.
  1526 | D:3      | You fall into a shaft and drop 3 floors!
  1530 | D:6      | Noticed Maggie
  1549 | D:6      | Slain by Maggie

Levels and vault maps discovered:
D:1:      dpeg_arrival_court, layout_basic, minmay_misc_feat_five, nrook_uturn,
          hangedman_decor_push, corexii_corridor_pit, minmay_misc_feat_x
D:2:      layout_loops_ring, first_ration, minmay_rat_hole
D:3:      layout_loops_ring, vehumet_crystals
D:6:      layout_layer_cave, enter_ossuary_3, minmay_starry_boxes, uniq_maggie

Skill      XL: |  1  2  3  4 |
---------------+-------------+-----
Axes           | 3 4 |  4.0
Fighting       | 3 |  3.0
Dodging        | 1 |  1.2
Shields        | 4 |  4.0
Armour         | |  3.8

Action                   |  1- 3 |  4- 6 || total
-------------------------+-------+-------++-------
Melee: War axe           |   137 |    58 ||   195
 Abil: Heal Wounds       |     1 |       ||     1
  Use: Scroll            |     3 |     4 ||     7
       Potion            |       |     1 ||     1
  Eat: Chunk             |     1 |     1 ||     2
Armor: Scale mail        |    70 |    16 ||    86
Dodge: Dodged            |    44 |    26 ||    70
Block: Kite shield       |    76 |    32 ||   108

Table legend:
 A = Non-vault XP
 B = Vault XP
 C = Vault XP percentage of total XP
 D = Non-vault monster count
 E = Vault monster count
 F = Vault count percentage of total count
                 A         B        C        D         E       F
            +---------+---------+-------+---------+---------+-------
      Total |     162 |      20 |  11.0 |      61 |      19 |  23.8
            +---------+---------+-------+---------+---------+-------
        D:1 |      56 |       0 |   0.0 |      29 |       0 |   0.0
        D:2 |      41 |      20 |  32.8 |      15 |      19 |  55.9
        D:3 |      65 |       0 |   0.0 |      17 |       0 |   0.0
            +---------+---------+-------+---------+---------+-------
